 Dungeon Crawl Stone Soup version 0.19-a0-607-g42021f0 (webtiles) character file.

393 st0uf the Shield-Bearer (level 7, -4/55 HPs)
             Began as a Formicid Fighter on June 12, 2016.
             Was an Initiate of Uskayaw.
             Slain by an ice beast (9 damage)
             ... on level 6 of the Dungeon.
             The game lasted 00:10:37 (2609 turns).

st0uf the Shield-Bearer (Formicid Fighter)          Turns: 2609, Time: 00:10:38

Health: -4/55      AC:  8    Str: 22    XL:     7   Next: 8%
Magic:  1/7        EV:  9    Int:  8    God:    Uskayaw [......]
Gold:   170        SH: 10    Dex: 10    Spells: 0 memorised, 6 levels left

rFire  . . .     SeeInvis +     a - +0 war axe
rCold  . . .     Gourm    .     b - +0 scale mail
rNeg   . . .     Faith    .     c - +0 shield
rPois  .         Spirit   .     (helmet unavailable)
rElec  .         Dismiss  .     (no cloak)
rCorr  .         Reflect  .     (no gloves)
SustAt .         Harm     .     x - +0 pair of boots (curse)
MR     .....                    (no amulet)
Stlth  ..........               (no ring)
                                (no ring)

@: not resistant to hostile enchantments, extremely unstealthy
A: permanent stasis, dig shafts and tunnels, four strong arms, antennae 3
a: Dig, Shaft Self, Renounce Religion


You were on level 6 of the Dungeon.
You worshipped Uskayaw.
Uskayaw was noncommittal.
You were hungry.

You visited 2 branches of the dungeon, and saw 7 of its levels.

You collected 170 gold pieces.

Inventory:

Hand Weapons
 a - a +0 war axe (weapon)
 i - a +0 hunting sling
Missiles
 h - 48 sling bullets
Armour
 b - a +0 scale mail (worn)
 c - a +0 shield (worn)
 x - a cursed +0 pair of boots (worn)
Wands
 y - a wand of slowing (19/48)
Scrolls
 e - a scroll of fog {unknown}
 g - 5 scrolls of identify {unknown}
 l - 4 scrolls of remove curse {unknown}
 p - 3 scrolls of magic mapping {unknown}
 r - a scroll of random uselessness {unknown}
 v - 2 scrolls of teleportation {unknown}
Potions
 d - a potion of might
 k - a potion of agility {unknown}
 m - a potion of heal wounds {unknown}
 n - 2 potions of flight {unknown}
 o - 7 potions of degeneration {unknown}
 q - a potion of invisibility {unknown}
 s - a potion of berserk rage {unknown}
 z - 2 potions of lignification {unknown}
 A - a potion of cancellation {unknown}
Comestibles
 f - 3 bread rations
 j - 4 meat rations
 t - a slice of pizza
 u - 3 fruits
 B - a beef jerky


   Skills:
 + Level 4.3 Fighting
 * Level 4.2 Axes
 + Level 4.2 Armour
 + Level 2.3 Dodging
 + Level 5.0 Shields
 * Level 0.2 Invocations


You had 6 spell levels left.
You didn't know any spells.

Dungeon Overview and Level Annotations

Branches:
Dungeon (6/15)             Temple (1/1) D:6

Altars:
Ashenzari
Dithmenos
Elyvilon
Fedhas
Gozag
Hepliaklqana
Makhleb
Nemelex Xobeh
Okawaru
Qazlal
Ru
Trog
Uskayaw
Vehumet
Xom
The Shining One

Annotations:
D:5 tstbtto's ghost, novice CeFi
D:6 tstbtto's ghost, novice CeFi


Innate Abilities, Weirdness & Mutations

You are under a permanent stasis effect.
You can dig through walls and to a lower floor.
Your four strong arms can wield two-handed weapons with a shield.
You have a pair of large antennae on your head. (SInv)


Message History

You hit the ice beast but do no damage.
The ice beast is almost dead.
The ice beast barely misses you.
You closely miss the ice beast.
The ice beast is almost dead.
You block the ice beast's attack.
The ice beast hits you but does no damage.
You barely miss the ice beast.
The ice beast is almost dead.
You block the ice beast's attack.
You barely miss the ice beast.
The ice beast is almost dead.
The ice beast barely misses you.
The ice beast hits you but does no damage.
Your shield and scale mail prevent you from hitting the ice beast.
The ice beast is almost dead.
The ice beast hits you.
* * * LOW HITPOINT WARNING * * *
The ice beast freezes you!
You die...

#... #..#
#..# #..# #
#..#
#.#..#######
#..<.......#
####.#####.#
#.Y@.......#
#.##.#######
#...........
#....#######
####.# ..#
###


You could see an ice beast.

Vanquished Creatures
  A vampire (D:6)
  A jelly (D:5)
  An orc priest (D:3)
  Jessica (D:3)
  An iguana (D:6)
  A gnoll (D:5)
  An adder (D:2)
  A shadow imp (D:6)
  An ooze (D:6)
  A worm (D:2)
  3 dart slugs
  2 giant geckos
  4 orcs
  3 giant cockroaches (D:1)
  5 goblins
  12 hobgoblins
  13 jackals
  A quokka (D:2)
  7 bats
  3 giant newts
  12 kobolds
  5 rats
80 creatures vanquished.

Notes
Turn   | Place    | Note
--------------------------------------------------------------
     0 | D:1      | st0uf the Formicid Fighter began the quest for the Orb.
     0 | D:1      | Reached XP level 1. HP: 18/18 MP: 1/1
    88 | D:1      | Reached XP level 2. HP: 24/24 MP: 2/2
   248 | D:1      | Reached XP level 3. HP: 18/29 MP: 3/3
   679 | D:2      | Reached skill level 4 in Shields
   743 | D:2      | Reached skill level 1 in Dodging
   862 | D:2      | Reached XP level 4. HP: 35/37 MP: 4/4
  1191 | D:3      | Found a glowing golden altar of the Shining One.
  1344 | D:3      | Found a sacrificial altar of Ru.
  1385 | D:3      | Noticed Jessica
  1388 | D:3      | Killed Jessica
  1413 | D:3      | Found a burning altar of Makhleb.
  1432 | D:3      | Found a stormy altar of Qazlal.
  1434 | D:3      | Noticed an air elemental
  1434 | D:3      | Noticed an earth elemental
  1435 | D:3      | Noticed a water elemental
  1435 | D:3      | Noticed a fire elemental
  1469 | D:3      | Reached XP level 5. HP: 40/42 MP: 5/5
  2099 | D:4      | You fall through a shaft for 2 floors!
  2099 | D:6      | Found a radiant altar of Vehumet.
  2099 | D:6      | Found a staircase to the Ecumenical Temple.
  2099 | D:6      | Found a shadowy altar of Dithmenos.
  2099 | D:6      | Noticed a vampire
  2109 | D:6      | Killed a vampire
  2109 | D:6      | Reached skill level 5 in Shields
  2109 | D:6      | Reached XP level 6. HP: 27/48 MP: 6/6
  2123 | Temple   | Entered the Ecumenical Temple
  2139 | Temple   | Became a worshipper of Uskayaw the Reveler
  2242 | D:5      | Entered Level 5 of the Dungeon
  2258 | D:5      | Reached * piety under Uskayaw
  2271 | D:5      | Reached ** piety under Uskayaw
  2359 | D:5      | Reached XP level 7. HP: 19/55 MP: 7/7
  2474 | D:5      | Noticed tstbtto's ghost (novice CeFi)
  2505 | D:6      | Noticed tstbtto's ghost (novice CeFi)
  2609 | D:6      | Slain by an ice beast

Vault maps used:
D:1:      dpeg_arrival_tiny_k
D:3:      tso_oasis_becter, nicolae_overflow_hidden_temple, old_standard_altar,
          nicolae_qazlal_style_of_elements, serial_park_tiny_pond, uniq_jessica
D:4:      lemuel_upstairs_altar, led_sif_pool, first_bread,
          hangedman_decor_riveting, minmay_hollow_rounded_squares, uniq_grinder,
          uniq_pikel, uniq_eustachio, uniq_duvessa
D:5:      corexii_shantytown, marbit_many_paths
D:6:      kiku_gazebo_garden_becter, grunt_temple_overflow_open,
          minmay_temple_entry_overgrown, kennysheep_pointless_box
Temple:   triangle_lava_temple_10

Skill      XL: |  1  2  3  4  5  6 |
---------------+-------------------+-----
Shields        | 4 5 |  5.0
Dodging        | 1 2 |  2.3
Axes           | 3 4 |  4.2
Fighting       | 4 |  4.3
Armour         | 4 |  4.2
Invocations    | |  0.2

Action                   |  1- 3 |  4- 6 |  7- 9 || total
-------------------------+-------+-------+-------++-------
Melee: War axe           |   106 |   131 |    19 ||   256
Invok: Stomp             |       |       |     2 ||     2
 Abil: Dig               |       |     4 |       ||     4
Evoke: Wand              |       |       |     4 ||     4
  Use: Potion            |       |     1 |       ||     1
  Eat: Chunk             |       |     5 |     1 ||     6
Armor: Scale mail        |    55 |    54 |     9 ||   118
Dodge: Dodged            |    28 |    50 |     4 ||    82
Block: Shield            |    61 |    63 |    18 ||   142
